 Dungeon Crawl Stone Soup version 0.28.0 (webtiles) character file.

Game seed: 3463103560549802478

1326 hikkokomori the Skirmisher (level 8, -3/80 HPs)
             Began as a Minotaur Fighter on Feb 6, 2022.
             Was a Believer of Okawaru.
             Killed from afar by a white imp (5 damage)
             ... with a puff of frost
             ... summoned by Xom
             ... on level 5 of the Dungeon.
             The game lasted 00:07:38 (5086 turns).

hikkokomori the Skirmisher (Minotaur Fighter)       Turns: 5086, Time: 00:07:39

Health: -3/80      AC: 10    Str: 20 (21) XL:     8   Next: 34%
Magic:  7/7        EV: 10    Int:  5      God:    Okawaru [**....]
Gold:   202        SH:  4    Dex:  8 (12) Spells: 7/7 levels left

rFire   + . .      SeeInvis .   a - +1 war axe
rCold   . . .      Faith    .   c - +0 buckler
rNeg    . . .      Spirit   .   j - +1 scale mail {rF+}
rPois   .          Reflect  .   (helmet restricted)
rElec   .          Harm     .   (no cloak)
rCorr   .          Rampage  .   l - +0 pair of gloves
Will    .....                   (no boots)
Stlth   ..........              (no amulet)
HPRegen 0.23/turn               (no ring)
MPRegen 0.10/turn               (no ring)

@: mighty, silenced
A: horns 2, retaliatory headbutt, robust 1
a: Renounce Religion


You were on level 5 of the Dungeon.
You worshipped Okawaru.
Okawaru was pleased with you.
You visited 1 branch of the dungeon, and saw 5 of its levels.

You collected 202 gold pieces.

Inventory:

Hand Weapons
 a - a +1 war axe (weapon)
Armour
 b - a +0 scale mail
 c - a +0 buckler (worn)
 j - a +1 scale mail of fire resistance (worn)
 l - a +0 pair of gloves (worn)
Jewellery
 g - a +4 ring of protection
Wands
 o - a wand of flame (32)
Scrolls
 e - 3 scrolls of identify
 h - a scroll of enchant weapon
 i - 2 scrolls of magic mapping
 n - a scroll of blinking {unknown}
 u - a scroll of amnesia {unknown}
Potions
 k - a potion of resistance {unknown}
 m - 2 potions of cancellation {unknown}
 p - a potion of degeneration {unknown}
 q - a potion of heal wounds {unknown}
 r - 2 potions of flight {unknown}
 s - a potion of magic {unknown}
 t - a potion of lignification {unknown}
 v - a potion of brilliance {unknown}
 w - a potion of berserk rage {unknown}


   Skills:
 + Level 7.1 Fighting
 + Level 6.5 Axes
 + Level 7.0 Armour
 + Level 4.3 Dodging
 - Level 5.0 Shields


You had 7 spell levels left.
You didn't know any spells.
Your spell library contained the following spells:

 Spells                   Type           Power      Damage    Failure   Level
 Pain                     Necr           0%         1d4       87%         1
 Portal Projectile        Hex/Tloc       0%         N/A       99%         3
 Vampiric Draining        Necr           0%         2d6       99%         3
 Leda's Liquefaction      Hex/Erth       0%         N/A       100%        4
 Animate Skeleton         Necr           Unusable   N/A       N/A         1
 Call Canine Familiar     Summ           Unusable   N/A       N/A         3

Dungeon Overview and Level Annotations

Branches:
Dungeon (5/15)
 Temple: D:4-7

Altars:
Ashenzari
Okawaru
Sif Muna
Xom


Innate Abilities, Weirdness & Mutations

You have a pair of horns on your head.
You reflexively headbutt those who attack you in melee.
You are robust. (+10% HP)


Message History

The puff of frost misses you. The iron imp hits you!
* * * LOW HITPOINT WARNING * * *
You hear Xom's maniacal laughter.
You feel weakened.
You hit the white imp. Your headbutt misses the white imp.
The white imp is almost dead.
You hit the shadow imp. You closely miss the white imp. You hit the iron imp.
You barely miss the shadow imp.
The shadow imp shouts, "Begone, thou quaking spleeny tiler!"
The shadow imp hits you but does no damage.
The white imp hits you but does no damage.
The white imp spits at you. The white imp gestures at you.
The puff of frost hits you.
* * * LOW HITPOINT WARNING * * *
The shadow imp gestures at you.
You struggle to resist.
The iron imp barely misses you. The white imp gestures at you.
The puff of frost hits you.
* * * LOW HITPOINT WARNING * * *
The white imp gestures at you. The puff of frost misses you.
Unknown command.
You feel very mighty all of a sudden. The shadow imp closely misses you.
The white imp gestures at you. The puff of frost hits you.
* * * LOW HITPOINT WARNING * * *
The white imp gestures at you. The puff of frost hits you!
* * * LOW HITPOINT WARNING * * *
The iron imp closely misses you.
Okay, then.
As you read the scroll labelled TYREES CAYB, it crumbles to dust.
A profound silence engulfs you.
It was a scroll of silence.
The shadow imp hits you but does no damage.
The crimson imp blinks!
The white imp gestures at you. The puff of frost hits you.
You die...

.........##.##. .....
#. .........##.##.
..... ##
.........##.##. ......
..#########.##[##..n...
..# #..#.)'...... ..#
##.##.##...## ..#
#..#.5# +#
[.###########.555#
..............55@#
...............ยง5#
................5.+
.............5.##.#
...)............#..#
................##.#
................# ..
###############.# ###
.#


You could see an iron imp (summoned), a crimson imp (summoned, unsilenced), 4
white imps and 3 shadow imps.

Vanquished Creatures
  Grinder (D:4)
  Sigmund (D:2)
  Edmund (D:4)
  A necrophage (D:5)
  2 ogres (D:5)
  Blork the orc (D:5)
  3 scorpions
  A hound (D:5)
  An orc priest (D:3)
  Terence (D:2)
  3 iguanas
  A hound zombie (D:5)
  A howler monkey zombie (D:5)
  6 adders
  3 gnolls (D:4)
  A worm (D:5)
  6 dart slugs
  8 orcs
  6 endoplasms
  3 giant cockroaches
  5 goblins
  9 hobgoblins
  4 jackals (D:4)
  A quokka (D:1)
  2 ball pythons (D:3)
  8 bats
  A frilled lizard (D:3)
  6 kobolds
  3 rats
90 creatures vanquished.

Notes
Turn   | Place    | Note
-------+----------+-------------------------------------------
     0 | D:1      | hikkokomori the Minotaur Fighter began the quest for the
                  | Orb.
     0 | D:1      | Reached XP level 1. HP: 19/19 MP: 0/0
    79 | D:1      | Found a faded altar of an unknown god.
   209 | D:1      | Reached XP level 2. HP: 10/27 MP: 1/1
   821 | D:1      | Reached XP level 3. HP: 33/33 MP: 2/2
  1016 | D:1      | Prayed at the altar of an unknown god.
  1016 | D:1      | Became a worshipper of Xom of Chaos
  1050 | D:2      | Noticed Terence
  1055 | D:2      | XOM: potion effect (might)
  1056 | D:2      | Killed Terence
  1121 | D:2      | Reached XP level 4. HP: 20/41 MP: 3/3
  1320 | D:2      | Noticed Sigmund
  1333 | D:2      | Killed Sigmund
  1334 | D:2      | Reached skill level 5 in Fighting
  1334 | D:2      | Reached skill level 5 in Armour
  1334 | D:2      | Reached skill level 5 in Shields
  1334 | D:2      | Reached XP level 5. HP: 21/48 MP: 4/4
  2234 | D:2      | XOM: silly message
  2504 | D:3      | Found a broken altar of Ashenzari.
  2555 | D:3      | XOM: enchant monster (good)
  2560 | D:3      | Reached XP level 6. HP: 56/56 MP: 5/5
  2672 | D:3      | XOM: cloud trail
  2826 | D:3      | XOM: god gift: chain mail {god gift}
  2921 | D:4      | Noticed Grinder
  2931 | D:3      | Reached skill level 1 in Dodging
  3008 | D:4      | Killed Grinder
  3009 | D:4      | Reached skill level 5 in Axes
  3009 | D:4      | Reached XP level 7. HP: 45/62 MP: 6/6
  3094 | D:4      | Found an iron altar of Okawaru.
  3103 | D:4      | Fell from the grace of Xom
  3103 | D:4      | Became a worshipper of Warmaster Okawaru
  3308 | D:4      | Noticed Edmund
  3319 | D:4      | Killed Edmund
  3519 | D:4      | XOM: summons 4 hostile shadow creatures
  3978 | D:4      | Reached * piety under Okawaru
  3990 | D:4      | XOM: summons 4 hostile demons
  4066 | D:4      | Found a shimmering blue altar of Sif Muna.
  4273 | D:4      | XOM: give mutation
  4273 | D:4      | Gained mutation: You are robust. (+10% HP) [Xom's mischief]
  4297 | D:5      | Entered Level 5 of the Dungeon
  4464 | D:5      | Reached XP level 8. HP: 27/78 MP: 7/7
  4646 | D:5      | XOM: stat loss: -3 Dex (9/12)
  5016 | D:5      | Noticed Blork the orc
  5025 | D:5      | Killed Blork the orc
  5041 | D:5      | Reached ** piety under Okawaru
  5073 | D:5      | XOM: summons 11 hostile demons
  5083 | D:5      | XOM: stat loss: -1 Str (20/21)
  5085 | D:5      | HP: 2/80 [white imp/puff of frost[Xom] (8)]
  5086 | D:5      | Killed from afar by a white imp

Illustrated notes

Levels and vault maps discovered:
D:1:      wheals_arrival_shading, layout_loops_ring, basic_ecumenical_altar
D:2:      layout_basic, serial_co_window_serial, co_window_corner_a,
          co_window_of_opportunity_a, co_window_cross_1, co_window_paths_a,
          co_window_paths_b, co_window_paths_a, co_window_of_opportunity_a,
          co_window_of_opportunity_c, co_window_corner_cb, co_window_cross_4,
          co_window_of_opportunity_c, glass_columns_a, glass_columns_c,
          glass_columns_c, glass_columns_a, glass_columns_a, uniq_terence,
          uniq_sigmund
D:3:      layout_rooms, lemuel_round_altar
D:4:      layout_layer_cave, led_sif_pool, nicolae_overflow_crystal_walls,
          uniq_grinder, uniq_crazy_yiuf_cottage, uniq_edmund
D:5:      nicolae_cairo_tiling_very_big, layout_basic, uniq_ijyb,
          uniq_blork_the_orc, uniq_menkaure

Skill      XL: |  1  2  3  4  5  6  7  8 |
---------------+-------------------------+-----
Fighting       | 4 5 6 7 |  7.1
Armour         | 4 5 6 7 |  7.0
Shields        | 4 5 |  5.0
Axes           | 3 4 5 6 |  6.5
Dodging        | 2 3 4 |  4.3

Action                   |  1- 3 |  4- 6 |  7- 9 || total
-------------------------+-------+-------+-------++-------
Melee: War axe           |    66 |    63 |   132 ||   261
       Headbutt          |     5 |     9 |    21 ||    35
  Use: Potion            |       |     1 |     1 ||     2
       Scroll            |       |       |     3 ||     3
Armor: Scale mail        |    49 |    19 |    70 ||   138
Dodge: Dodged            |    39 |    18 |   106 ||   163
Block: Buckler           |    22 |    14 |    27 ||    63
